 Dungeon Crawl Stone Soup version 0.25.1-2-g60ff931df9 (webtiles) character file.

Game seed: 9825052209185380036

112 soggyman666 the Chopper (level 4, 0/34 HPs)
             Began as a Demonspawn Gladiator on Nov 2, 2020.
             Slain by Purgy (1 damage)
             ... on level 3 of the Dungeon.
             The game lasted 00:06:18 (2485 turns).

soggyman666 the Chopper (Demonspawn Gladiator)      Turns: 2485, Time: 00:06:19

Health: 0/34       AC:  4    Str: 16    XL:     4   Next: 64%
Magic:  4/4        EV: 14    Int:  9    God:
Gold:   97         SH:  0    Dex: 24    Spells: 3/3 levels left

rFire    + . .     SeeInvis .   a - +0 war axe
rCold    x . .     Gourm    .   (no shield)
rNeg     . . .     Faith    .   b - +0 leather armour
rPois    .         Spirit   .   c - +0 helmet
rElec    .         Reflect  .   (no cloak)
rCorr    .         Harm     .   (no gloves)
MR       .....                  (no boots)
Stlth    +++.......             (no amulet)
HPRegen  0.11/turn              h - +6 ring of dexterity
MPRegen  0.09/turn              e - ring of fire

@: no status effects
A: thin skeletal structure 2
a: no special abilities


You were on level 3 of the Dungeon.
You were not hungry.

You visited 1 branch of the dungeon, and saw 3 of its levels.

You collected 97 gold pieces.

Inventory:

Hand Weapons
 a - a +0 war axe (weapon)
Missiles
 d - 3 throwing nets (quivered)
Armour
 b - a +0 leather armour (worn)
 c - a +0 helmet (worn)
Jewellery
 e - a ring of fire (right hand)
 h - a +6 ring of dexterity (left hand)
Comestibles
 f - 7 rations
 g - 3 chunks of flesh


   Skills:
 + Level 2.4 Fighting
 + Level 3.7 Axes
 + Level 1.8 Throwing
 + Level 1.1 Armour
 + Level 3.6 Dodging
 + Level 0.4 Stealth


You had 3 spell levels left.
You didn't know any spells.
Your spell library was empty.

Dungeon Overview and Level Annotations

Branches:
Dungeon (3/15)

Altars:

Annotations:
D:3 Purgy


Innate Abilities, Weirdness & Mutations

You have a moderately thin skeletal structure. (Dex +4, Stealth+)


Message History

Purgy barely misses you. Purgy claws you but does no damage. Purgy claws you.
You miss Purgy.
Purgy is moderately wounded.
Purgy bites you but does no damage. Purgy closely misses you. Purgy claws you.
You hit Purgy.
Purgy is moderately wounded.
Purgy bites you.
* * * LOW HITPOINT WARNING * * *
Purgy closely misses you. Purgy claws you but does no damage.
You slash Purgy!
Purgy is heavily wounded.
Purgy barely misses you. Purgy claws you but does no damage. x2
Purgy bites you but does no damage. Purgy misses you. Purgy claws you.
* * * LOW HITPOINT WARNING * * *
You completely miss Purgy.
Purgy is heavily wounded.
Purgy bites you.
* * * LOW HITPOINT WARNING * * *
Purgy closely misses you. Purgy claws you.
You die...

.# . #.#.# ###.#.
#.... #.#.## ..
###..>.####
#.##.........#
#.##.#.......#.. #
#.##.#.#@.....). #
#.##.#.#T....#.# #
#########.##.#(#.....#
#
..........##.#.#.#.#.#
# ###### #...........#
# # # ...#
#.รท#..###......
#.###### ##.#
###..#..# #.....#
#.......
#.###....#.<..#.#.###
#T..#####
#....)#######..
<.(.....#......


You could see Purgy.

Vanquished Creatures
  Terence (D:3)
  3 adders
  An ooze (D:1)
  A worm (D:3)
  2 dart slugs
  A leopard gecko (D:2)
  3 orcs (D:3)
  4 ball pythons
  3 bats (D:1)
  2 giant cockroaches
  9 goblins
  4 hobgoblins
  3 frilled lizards
  4 kobolds
  8 rats
49 creatures vanquished.

Notes
Turn   | Place    | Note
-------+----------+-------------------------------------------
     0 | D:1      | soggyman666 the Demonspawn Gladiator began the quest for
                  | the Orb.
     0 | D:1      | Reached XP level 1. HP: 16/16 MP: 1/1
   353 | D:1      | Gained mutation: You have a somewhat thin skeletal
                  | structure. (Dex +2, Stealth) [demonic ancestry]
   353 | D:1      | Reached XP level 2. HP: 20/22 MP: 2/2
  1229 | D:2      | Reached XP level 3. HP: 26/27 MP: 3/3
  1981 | D:3      | Noticed Purgy
  2031 | D:3      | Noticed Terence
  2052 | D:3      | Killed Terence
  2052 | D:3      | Gained mutation: You have a moderately thin skeletal
                  | structure. (Dex +4, Stealth+) [demonic ancestry]
  2052 | D:3      | Reached XP level 4. HP: 8/34 MP: 4/4
  2348 | D:3      | Reached skill level 1 in Armour
  2485 | D:3      | HP: 1/34 [Purgy (5)]
  2485 | D:3      | Slain by Purgy

Illustrated notes

Levels and vault maps discovered:
D:1:      dpeg_arrival_circle_labyrinth_a, layout_loops_ring
D:2:      layout_basic, first_ration
D:3:      layout_loops_ring, gup_sewer_entry_spiral, uniq_terence, uniq_purgy

Skill      XL: |  1  2  3  4 |
---------------+-------------+-----
Dodging        | 3 |  3.6
Axes           | 3 |  3.7
Armour         | 1 |  1.1
Fighting       | |  2.4
Throwing       | |  1.8
Stealth        | |  0.4

Action                   |  1- 3 |  4- 6 || total
-------------------------+-------+-------++-------
Melee: War axe           |   108 |    26 ||   134
  Use: Scroll            |     4 |       ||     4
       Potion            |     3 |     1 ||     4
 Stab: Sleeping          |     4 |     2 ||     6
  Eat: Chunk             |     4 |     1 ||     5
Armor: Leather armour    |    31 |    12 ||    43
Dodge: Dodged            |    84 |    24 ||   108
